 Dungeon Crawl Stone Soup version 0.20.0-8-g6b59dc7 (webtiles) character file.

112 shpingle the Ducker (level 4, -4/21 HPs)
             Began as a Spriggan Transmuter on May 31, 2017.
             Killed from afar by an orc wizard (7 damage)
             ... with a magic dart
             ... on level 3 of the Dungeon.
             The game lasted 00:08:57 (1994 turns).

shpingle the Ducker (Spriggan Transmuter)           Turns: 1994, Time: 00:08:57

Health: -4/21      AC:  2    Str: 11    XL:     4   Next: 64%
Magic:  4/9        EV: 31    Int: 15    God:
Gold:   108        SH:  0    Dex: 26    Spells: 2/8 levels left

rFire    . . .     SeeInvis +     - Unarmed
rCold    . . .     Gourm    .   (shield currently unavailable)
rNeg     . . .     Faith    .   (armour currently unavailable)
rPois    x         Spirit   .   (helmet currently unavailable)
rElec    .         Reflect  .   (cloak currently unavailable)
rCorr    .         Harm     .   (gloves unavailable)
MR       .....                  (boots unavailable)
Stlth    ++........             j - amulet of regeneration
Regen    0.5/turn               l - ring of loudness (curse)
MPRegen  0.2/turn               (no ring)

@: mighty, agile, lethally poisoned (-4 -> -14), spider-form (expiring), very
slightly contaminated, hasted, very quick
A: unfitting armour, see invisible, herbivore 3, slow metabolism 2
a: End Transformation


You were on level 3 of the Dungeon.
You were hungry.
You were a venomous arachnid creature.
You visited 1 branch of the dungeon, and saw 3 of its levels.

You collected 108 gold pieces.

Inventory:

Missiles
 a - 8 arrows
 f - 31 stones (quivered)
Armour
 b - a +0 robe (melded)
Jewellery
 j - an amulet of regeneration (around neck)
 l - a cursed ring of loudness (left front leg)
Scrolls
 g - a scroll of remove curse {unknown}
 h - 2 scrolls of identify {unknown}
 k - a scroll of immolation {unknown}
 m - 4 scrolls of enchant armour {unknown}
 p - 2 scrolls of teleportation {unknown}
 r - a scroll of recharging {unknown}
 s - a scroll of magic mapping {unknown}
Potions
 e - a potion of agility
 n - a potion of might
 o - a potion of degeneration {unknown}
Books
 c - a book of Changes

   Spells                             Type                      Level
   a - Beastly Appendage              Transmutation                1
   b - Sticks to Snakes               Transmutation                2
   c - Spider Form                    Transmutation/Poison         3
   d - Ice Form                       Ice/Transmutation            4
   e - Blade Hands                    Transmutation                5
Comestibles
 d - 2 bread rations
 q - 3 fruits
 t - a royal jelly


   Skills:
 - Level 0.7 Fighting
 + Level 5.5 Dodging
 - Level 2.4 Unarmed Combat
 - Level 2.6 Spellcasting
 + Level 4.9 Transmutations


You had 2 spell levels left.
You knew the following spells:

 Your Spells              Type           Power        Failure   Level  Hunger
a - Beastly Appendage     Tmut           ###...       10%         1    #......
b - Sticks to Snakes      Tmut           ###.....     13%         2    ##.....
c - Spider Form           Tmut/Pois      #.........   43%         3    ###....


Dungeon Overview and Level Annotations

Branches:
Dungeon (3/15)

Altars:


Innate Abilities, Weirdness & Mutations

You are very small and have problems with some larger weapons.
You are too small for most types of armour.
You have supernaturally acute eyesight. (SInv)
You are a herbivore.
((You cover ground extremely quickly.))
You need consume almost no food.


Message History

It was a potion of might.
You feel very mighty all of a sudden.
* * * LOW HITPOINT WARNING * * *
You feel sick.
The orc wizard gestures at you while chanting.
The puff of flame hits you!
* * * LOW HITPOINT WARNING * * *
You take 6 damage, and have 6/21 hp.
MASSIVE DAMAGE!!
It was a potion of agility.
You feel agile all of a sudden.
* * * LOW HITPOINT WARNING * * *
You feel sick.
The orc wizard casts a cantrip, but nothing happens.
You take 1 damage, and have 5/21 hp.
It was a potion of haste.
You feel yourself speed up.
* * * LOW HITPOINT WARNING * * *
You feel sick. The orc completely misses you.
The orc wizard points at you and mumbles some strange words.
The magic dart hits you!
You die... █.█ .█ █.██. . █.█. ... █.. ..... █↑█ ..g.. █g█ ..███ █K██ █.. █oo█ ..█.. ██s█

█'.█.. █.█ █..█.. █.█
█..█..
████.███████████..█..
█.......█.........█..
█.██.██.█.████....█..
█.██.██.█.█ ██...██+
█.██.██.█.██████.....
█.██..........███.██.


You could see an orc wizard, a gnoll, an orc and a kobold.

Vanquished Creatures
  Terence (D:2)
  4 adders
  An ooze (D:3)
  A leopard gecko (D:2)
  2 orcs (D:3)
  2 giant cockroaches
  7 goblins
  A hobgoblin (D:2)
  5 kobolds
  A quokka (D:2)
  A ball python (D:2)
  4 bats
  3 frilled lizards
  A rat (D:1)
34 creatures vanquished.

Vanquished Creatures (collateral kills)
  A gnoll (D:3)
  A worm (D:2)
2 creatures vanquished.

Grand Total: 36 creatures vanquished

Notes
Turn   | Place    | Note
-------+----------+-------------------------------------------
     0 | D:1      | shpingle the Spriggan Transmuter began the quest for the Orb.
     0 | D:1      | Reached XP level 1. HP: 9/9 MP: 5/5
   267 | D:1      | Reached skill level 3 in Transmutations
   829 | D:2      | Reached XP level 2. HP: 14/14 MP: 4/6
   956 | D:2      | Reached skill level 4 in Dodging
  1132 | D:2      | Reached XP level 3. HP: 17/17 MP: 8/8
  1136 | D:2      | Learned a level 2 spell: Sticks to Snakes
  1140 | D:2      | Learned a level 3 spell: Spider Form
  1485 | D:2      | Noticed Terence
  1500 | D:2      | Killed Terence
  1500 | D:2      | Reached XP level 4. HP: 21/21 MP: 3/9
  1548 | D:2      | Reached skill level 5 in Dodging
  1994 | D:3      | Killed from afar by an orc wizard

Skill      XL: |  1  2  3  4 |
---------------+-------------+-----
Transmutations | 3 4 |  4.9
Dodging        | 4 5 |  5.5
Fighting       | |  0.7
Unarmed Combat | |  2.4
Spellcasting   | |  2.6

Action                   |  1- 3 |  4- 6 || total
-------------------------+-------+-------++-------
Melee: Unarmed           |   117 |    59 ||   176
       Headbutt          |     8 |     5 ||    13
       Kick              |     7 |     2 ||     9
       Punch             |     2 |     1 ||     3
Throw: Stone             |    13 |     2 ||    15
 Cast: Beastly Appendage |    17 |     8 ||    25
       Sticks to Snakes  |     3 |     1 ||     4
       Spider Form       |     2 |     4 ||     6
  Use: Potion            |       |     3 ||     3
 Stab: Sleeping          |     1 |       ||     1
Armor: Robe              |       |     3 ||     3
Dodge: Dodged            |    94 |    49 ||   143
